 Dungeon Crawl Stone Soup version 0.16.1-30-g34a7ffa (webtiles) character file.

117234 Frelus the Fencer (level 16, -2/155 (157) HPs)
             Began as a Minotaur Berserker on June 16, 2015.
             Was a High Priest of Trog.
             Slain by CcS's ghost (13 damage)
             ... on level 4 of the Swamp.
             The game lasted 02:06:21 (29218 turns).

Frelus the Fencer (Minotaur Berserker)             Turns: 29218, Time: 02:06:21

HP:   -2/155 (157)  AC: 21    Str: 21    XL:     16   Next: 22%
MP:   15/15         EV: 13    Int:  7    God:    Trog [*****.]
Gold: 1666          SH:  0    Dex: 18    Spells: 0 memorised, 15 levels left

rFire  + + .     SeeInvis +     s - +7 great sword of the Beggars {elec, Int+5 SInv}
rCold  . . .     Clarity  +     i - +0 plate armour
rNeg   . . .     SustAb   .     (no shield)
rPois  +         Gourm    .     (helmet restricted)
rElec  .         Spirit   .     (no cloak)
rCorr  .         Warding  .     l - +0 pair of gloves of Empa {Contam rPois rF+ SInv}
rMut   .         Stasis   .     y - +1 pair of boots
MR     +....                    R - amulet of clarity
Stlth  ..........               H - +3 ring of slaying
                                V - ring "Uhemovis" {rPois rF+ MP+9}

@: exhausted, slowed, very slow, somewhat resistant to hostile enchantments,
extremely unstealthy
A: retaliatory headbutt, horns 2, dopey 1, MP-powered wands 1
a: Burn Spellbooks, Berserk, Trog's Hand, Brothers in Arms, Renounce Religion


You were on level 4 of the Swamp.
You worshipped Trog.
Trog was extremely pleased with you.
You were not hungry.

You visited 4 branches of the dungeon, and saw 31 of its levels.
You also visited: Labyrinth.

You collected 2464 gold pieces.
You spent 798 gold pieces at shops.

Inventory:

Hand weapons
 e - a +6 great sword of holy wrath
 j - a +8 triple sword of draining
 s - the +7 great sword of the Beggars (weapon) {elec, Int+5 SInv}
   (Trog gifted it to you on level 10 of the Dungeon)

   Occasionally, upon striking a foe, it will discharge some electrical energy
   and cause terrible harm.
   It affects your intelligence (+5).
   It enhances your eyesight.
 u - the +10 shortbow of Blul {velocity, +Fly}
   (You found it on level 2 of the Swamp)

   Any arrow fired from it inflicts extra damage.
   It lets you fly.
 v - the +7 falchion of Trog's Brutal Revenge {holy, rPois Int+4}
   (Trog gifted it to you on level 7 of the Lair of Beasts)

   It has been blessed by the Shining One to cause great damage to the undead
   and demons.
   It affects your intelligence (+4).
   It protects you from poison.
 C - a +5 triple sword of freezing
 S - a +3 shortbow of flaming
Missiles
 h - 51 arrows of flame
 B - 7 arrows of dispersal
 K - 492 arrows
Armour
 i - a +0 plate armour (worn)
 l - the +0 pair of gloves of Empa (worn) {Contam rPois rF+ SInv}
   (You found it on level 8 of the Lair of Beasts)

   It protects you from fire.
   It protects you from poison.
   It enhances your eyesight.
   It causes magical contamination when unequipped.
 y - a +1 pair of boots (worn)
Jewellery
 H - a +3 ring of slaying (right hand)
 J - an uncursed amulet of resist mutation {unknown}
 Q - an uncursed ring of protection from cold
 R - an amulet of clarity (around neck)
 V - the ring "Uhemovis" (left hand) {rPois rF+ MP+9}
   (You found it in a labyrinth)

   [ring of poison resistance]

   It protects you from fire.
   It protects you from poison.
   It affects your magic capacity (+9).
Magical devices
 a - a wand of hasting (5)
 d - a wand of frost (39)
 k - a wand of magic darts (20)
 q - a wand of teleportation (5)
 w - a wand of polymorph (4)
 z - a wand of digging (17)
 F - a wand of digging (8)
 N - a wand of heal wounds (3)
 W - a wand of disintegration (20)
 Y - a wand of polymorph (7)
Scrolls
 f - 2 scrolls of blinking
 g - 5 scrolls of remove curse
 p - 8 scrolls of identify
 r - a scroll of magic mapping
 t - a scroll of summoning {unknown}
 x - 2 scrolls of fog
 G - a scroll of fear
Potions
 b - a potion of ambrosia
 m - 2 potions of restore abilities
 n - 2 potions of might
 o - 4 potions of curing
 A - a potion of flight {unknown}
 D - a potion of heal wounds
 E - a potion of invisibility
 I - a potion of degeneration {unknown}
Comestibles
 c - 5 bread rations


   Skills:
 - Level 18.0 Fighting
 - Level 18.2 Long Blades
 + Level 11.5 Bows
 - Level 1.0 Throwing
 - Level 15.4 Armour
 - Level 10.9 Dodging


You had 15 spell levels left.
You didn't know any spells.

Dungeon Overview and Level Annotations

Branches:
Dungeon (15/15)            Temple (0/1) D:6            Lair (8/8) D:8
  Swamp (4/5) Lair:6       Spider (0/5) Lair:4        Slime (0/6) Lair:7
    Orc (4/4) D:10            Elf (0/3) Orc:4        Vaults (0/5) D:13
 Depths (0/5) D:15

Altars:
Ashenzari
Dithmenos
Fedhas
Gozag
Kikubaaqudgha
Qazlal
Ru
Yredelemnul
Beogh
Jiyva

Shops:
D:4 ?   D:5 ?   D:13 %   Orc:4 ([?*

Annotations:
Lair:4 exclusion: ice statue
Swamp:4 CcS's ghost, mighty SpEn


Innate Abilities, Weirdness & Mutations

You reflexively headbutt those who attack you in melee.
You have a pair of horns on your head.
You are dopey. (Int -2)
You expend magic power (3 MP) to slightly strengthen your wands.


Message History

Your troll goes berserk!
You feel somewhat more hungry. CcS's ghost closely misses you.
CcS's ghost misses you.
A spriggan druid comes into view. It is wielding a quarterstaff.
The spriggan druid shouts!
CcS's ghost casts a spell at you.
You feel momentarily confused.
Your troll barely misses CcS's ghost.
Your troll claws CcS's ghost but does no damage.
Your troll completely misses CcS's ghost.
You see here 10 poisoned needles.
Your troll misses CcS's ghost.
Your troll claws CcS's ghost!
Your troll claws CcS's ghost!
CcS's ghost hits you.
* * * LOW HITPOINT WARNING * * *
You writhe in agony.
* * * LOW HITPOINT WARNING * * *
Your troll bites CcS's ghost!!
Your troll misses CcS's ghost.
Your troll claws CcS's ghost.
CcS's ghost hits you.
* * * LOW HITPOINT WARNING * * *
You writhe in agony.
You die...

≈≈≈. ♣≈.♣♣.≈≈♣ ♣.≈≈≈. ≈≈≈≈.♣
♣≈.♣♣.≈.♣♣♣♣.≈♣≈≈ .≈≈.≈..
♣..♣♣.≈≈.♣♣..≈≈≈≈
♣≈≈♣≈≈.♣♣♣i.♣♣.≈≈♣♣≈≈≈....
..≈≈≈...(♣♣≈..♣..≈♣♣♣≈^.♣.§
≈≈..≈.≈≈♣..♣..≈.≈≈..♣♣...♣.≈
§..≈§≈≈≈≈.≈.♣.≈≈≈≈..♣♣...♣♣≈
≈≈≈≈≈≈.≈♣.W(♣.≈...§≈...≈♣♣♣♣
≈.≈≈≈≈≈)♣..T@♣.....≈.♣≈≈.♣ ♣
≈≈.........≈.♣♣..♣♣.♣♣≈≈≈♣
≈.≈≈≈.≈.§.♣≈≈....≈≈.♣♣♣..♣♣
.≈≈.§≈≈..≈≈≈≈..≈≈≈(♣♣♣.≈.♣
..≈≈≈...≈≈..≈........≈.≈.♣♣
.≈≈..§≈§≈≈.≈≈.≈≈♣.♣≈≈≈≈≈.≈♣♣
≈≈≈§..≈.$....≈≈≈♣≈≈♣.≈≈≈≈≈♣
≈♣≈≈≈≈≈.≈≈♣[≈≈..≈≈≈...≈...
.≈≈≈≈≈...≈≈ ♣≈.≈≈<...


You could see a spriggan druid, CcS's ghost and a friendly troll (berserk).

Vanquished Creatures
  Norris (Swamp:4)
  Rupert (Swamp:4)
  A stone giant (Orc:4)
  Snorg (Orc:1)
  A fire dragon (D:15)
  A minotaur (Lab)
  An ettin (D:15)
  2 ogre magi (D:15)
  9 hydras
  A catoblepas (Lair:6)
  10 alligators
  4 centaur warriors
  2 dancing weapons (D:13)
  A sun demon (D:13)
  5 spriggans
  A hell knight (D:15)
  A deep elf knight (D:15)
  An ice devil (D:13)
  A fire crab (Lair:8)
  An unseen horror (D:15)
  A shambling mangrove (Swamp:2)
  A swamp dragon (Swamp:2)
  A deep troll (D:15)
  10 hill giants
  A griffon (Lair:6)
  3 manticores
  2 orc sorcerers
  2 cyclopes (D:15)
  An orb spider (Lair:4)
  A hornet (Swamp:1)
  2 orc knights (Orc:4)
  3 ugly things
  3 elephants (Lair:5)
  3 gargoyles
  2 kobold demonologists (Swamp:1)
  2 torpor snails (Lair:6)
  4 black mambas
  26 spiny frogs
  9 komodo dragons
  4 fire drakes
  6 trolls
  A komodo dragon (shapeshifter) (D:15)
  A freezing wraith (Lair:4)
  2 minotaur zombies (Lab)
  A merfolk (D:10)
  4 polar bears (Lair:4)
  A wind drake (shapeshifter) (D:15)
  6 giant leeches
  Sonja (Orc:4)
  2 two-headed ogres
  3 bog bodies
  10 baby alligators (Swamp:2)
  15 slime creatures
  6 ravens
  A trapdoor spider (D:15)
  23 blink frogs
  3 shadows
  2 basilisks
  A wyvern (Lair:7)
  18 vampire mosquitoes
  A deep elf mage (D:10)
  41 yaks
  3 mottled dragons
  Grum (D:9)
  10 hippogriffs
  2 hungry ghosts
  6 wolves
  24 swamp worms
  A deep elf fighter (D:10)
  2 steam dragons
  2 wargs (Orc:4)
  A harpy simulacrum (D:15)
  9 insubstantial wisps (Swamp:1)
  The ghost of ImaNewbie the Chiller, an average DEIE (D:4)
  22 water moccasins
  A soldier ant (D:15)
  9 wasps
  17 orc warriors
  11 porcupines
  A sky beast (D:10)
  9 ice beasts
  6 black bears
  6 swamp drakes
  2 necrophages
  19 centaurs
  16 crocodiles
  5 boring beetles
  A phantom (D:7)
  Sigmund (D:2)
  6 ogres
  29 giant frogs
  A gnoll sergeant (D:9)
  4 killer bees (D:8)
  6 scorpions
  5 electric eels
  A giant frog zombie (D:10)
  4 goliath beetles
  6 jellies
  16 crimson imps
  A wasp zombie (D:14)
  5 centaur zombies
  25 orc priests
  3 quasits
  12 hounds
  10 iguanas
  27 orc wizards
  3 centaur skeletons
  12 sheep
  A giant frog skeleton (D:7)
  11 worker ants
  A crocodile skeleton (D:9)
  2 hound zombies
  2 hound skeletons
  A mummy (D:14)
  19 adders
  19 gnolls
  42 river rats
  7 shadow imps
  2 giant mites
  17 white imps
  15 worms
  2 adder zombies
  6 giant geckos
  5 oozes
  143 orcs
  6 giant cockroaches
  18 hobgoblins
  17 jackals
  17 quokkas
  A ball python skeleton (D:4)
  8 bats
  3 giant gecko skeletons
  3 giant newts
  A giant spore (D:15)
  27 goblins
  17 kobolds
  5 orc zombies
  A quokka zombie (D:8)
  15 rats
  5 ballistomycetes
  A butterfly (Lair:5)
  A plant (D:11)
1081 creatures vanquished.

Vanquished Creatures (collateral kills)
  The ghost of slartie the Severer, a powerful MiBe of Trog (Orc:4)
  4 hydras
  A sun demon (Orc:4)
  3 orc high priests (Orc:4)
  An ice devil (Orc:4)
  2 orc knights (Orc:4)
  An ugly thing (D:14)
  3 orc sorcerers (Orc:4)
  A spiny frog (Swamp:1)
  A blue devil (Orc:4)
  A red devil (Orc:4)
  10 slime creatures
  2 yaks (Lair:8)
  A water moccasin (Lair:6)
  5 orc warriors (Orc:4)
  A crimson imp (D:12)
  2 orc priests
  3 orc wizards (Orc:4)
  3 sheep (Lair:8)
  An orc zombie (Orc:4)
  8 orcs (Orc:1)
55 creatures vanquished.

Vanquished Creatures (others)
  A deep troll (Orc:4)
  An orc zombie (Orc:4)
  2 ogres
  An orc priest (D:10)
  2 orcs
  2 giant spores (D:10)
  4 plants
13 creatures vanquished.

Grand Total: 1149 creatures vanquished

Notes
Turn   | Place    | Note
--------------------------------------------------------------
     0 | D:1      | Frelus, the Minotaur Berserker, began the quest for the Orb.
     0 | D:1      | Reached XP level 1. HP: 19/19 MP: 1/1
    29 | D:1      | Reached skill level 4 in Long Blades
   180 | D:1      | Reached XP level 2. HP: 24/26 MP: 1/1
   229 | D:1      | Acquired Trog's second power
   438 | D:1      | Reached skill level 5 in Long Blades
   546 | D:2      | Reached XP level 3. HP: 31/31 MP: 2/2
   789 | D:2      | Noticed Sigmund
   805 | D:2      | Killed Sigmund
   805 | D:2      | Reached skill level 6 in Long Blades
   805 | D:2      | Reached XP level 4. HP: 21/39 MP: 2/2
   958 | D:2      | You fall through a shaft!
   985 | D:2      | Reached skill level 7 in Long Blades
   985 | D:2      | Reached XP level 5. HP: 19/45 MP: 2/2
  1398 | D:3      | Found an opulent altar of Gozag.
  1572 | D:3      | Reached skill level 8 in Long Blades
  1768 | D:4      | Found a sacrificial altar of Ru.
  1784 | D:4      | Reached XP level 6. HP: 51/51 MP: 3/3
  1836 | D:4      | Noticed a black bear
  1836 | D:4      | Noticed ImaNewbie's ghost (average DEIE)
  1843 | D:4      | Killed ImaNewbie's ghost
  1847 | D:4      | Killed a black bear
  1847 | D:4      | Reached skill level 9 in Long Blades
  1879 | D:4      | Reached XP level 7. HP: 26/57 MP: 3/3
  1896 | D:4      | Reached skill level 10 in Long Blades
  2136 | D:4      | Found Kleugeho's Magic Scroll Emporium.
  2151 | D:4      | Bought a scroll of remove curse for 36 gold pieces
  2151 | D:4      | Bought a scroll of blinking for 90 gold pieces
  2239 | D:4      | Acquired Trog's third power
  2293 | D:4      | Found a shadowy altar of Dithmenos.
  2523 | D:5      | Entered Level 5 of the Dungeon
  2838 | D:5      | Found a shattered altar of Ashenzari.
  2910 | D:5      | Reached skill level 11 in Long Blades
  3152 | D:5      | Found Ghiom's Magic Scroll Shoppe.
  3489 | D:6      | Reached XP level 8. HP: 42/64 MP: 3/3
  3648 | D:6      | Reached skill level 12 in Long Blades
  3963 | D:6      | Found an ancient bone altar of Kikubaaqudgha.
  4226 | D:6      | Reached skill level 13 in Long Blades
  4227 | D:6      | Found a staircase to the Ecumenical Temple.
  4461 | D:7      | Found a blossoming altar of Fedhas.
  4481 | D:7      | Reached XP level 9. HP: 51/70 MP: 4/4
  4542 | D:7      | Reached skill level 14 in Long Blades
  4559 | D:7      | Received a gift from Trog
  5125 | D:7      | Noticed a two-headed ogre
  5129 | D:7      | Killed a two-headed ogre
  5129 | D:7      | Reached skill level 15 in Long Blades
  5562 | D:8      | Found a staircase to the Lair.
  5772 | D:8      | Found a basalt altar of Yredelemnul.
  5772 | D:8      | Found a blossoming altar of Fedhas.
  5928 | D:8      | Reached skill level 16 in Long Blades
  6075 | D:8      | Received a gift from Trog
  6089 | D:8      | Got a crude long sword {god gift}
  6090 | D:8      | Identified the -2 long sword "Goblinbane" {antimagic, rF+ Dex+3} (Trog gifted it to you on level 8 of the Dungeon)
  6261 | D:9      | Noticed Grum
  6265 | D:9      | Killed Grum
  6265 | D:9      | Reached skill level 1 in Throwing
  6265 | D:9      | Reached XP level 10. HP: 64/78 MP: 4/4
  6281 | D:9      | Reached skill level 5 in Fighting
  6674 | D:9      | Got an ichor-stained chain mail
  6685 | D:9      | Identified the +5 chain mail "Unypix" {Str+4} (You found it on level 9 of the Dungeon)
  6813 | D:9      | Found a stormy altar of Qazlal.
  7192 | D:10     | Entered Level 10 of the Dungeon
  7209 | D:10     | Reached skill level 5 in Armour
  7293 | D:10     | Received a gift from Trog
  7294 | D:10     | Got a pitted great sword {god gift}
  7295 | D:10     | Identified the +7 great sword of the Beggars {elec, Int+5 SInv} (Trog gifted it to you on level 10 of the Dungeon)
  7777 | D:10     | Found a staircase to the Orcish Mines.
  8379 | D:10     | Noticed a hill giant
  8384 | D:10     | Killed a hill giant
  8384 | D:10     | Reached skill level 10 in Fighting
  8384 | D:10     | Reached XP level 11. HP: 65/98 MP: 4/4
  9013 | Lair:1   | Entered Level 1 of the Lair of Beasts
  9152 | Lair:1   | Noticed an eight-headed hydra
  9158 | Lair:1   | Killed a 11-headed hydra
  9258 | Lair:1   | Received a gift from Trog
  9925 | Lair:2   | Noticed a five-headed hydra
  9932 | Lair:2   | Killed a nine-headed hydra
 10616 | Lair:3   | Received a gift from Trog
 10667 | Lair:3   | Reached XP level 12. HP: 78/113 MP: 5/5
 10884 | Lair:3   | Found a labyrinth entrance.
 10894 | Lab      | Entered a labyrinth
 11055 | Lab      | Noticed a minotaur
 11063 | Lab      | Killed a minotaur
 11063 | Lab      | Reached skill level 10 in Armour
 11065 | Lab      | Got a shimmering granite ring
 11066 | Lab      | Got a bloodstained halberd
 11067 | Lab      | Identified the -1 halberd of Severance {drain, +Fly Str+5} (You found it in a labyrinth)
 11953 | Lair:1   | Identified the ring "Uhemovis" {rPois rF+ MP+9} (You found it in a labyrinth)
 12194 | Lair:4   | Reached skill level 15 in Fighting
 12494 | Lair:4   | Found a hole to the Spider Nest.
 12510 | Lair:4   | Received a gift from Trog
 12526 | Lair:4   | Noticed a seven-headed hydra
 12538 | Lair:4   | Killed a nine-headed hydra
 12915 | Lair:4   | Noticed a five-headed hydra
 12922 | Lair:4   | Killed an eight-headed hydra
 13376 | Lair:5   | Reached XP level 13. HP: 100/127 MP: 5/5
 14487 | Lair:6   | Found a staircase to the Swamp.
 14635 | Lair:6   | Received a gift from Trog
 14635 | Lair:6   | Reached skill level 17 in Long Blades
 14813 | Lair:7   | Reached skill level 5 in Dodging
 15073 | Lair:7   | Found a runed door.
 15077 | Lair:7   | Found a viscous altar of Jiyva.
 15078 | Lair:7   | Received a gift from Trog
 15079 | Lair:7   | Got an ancient falchion {god gift}
 15080 | Lair:7   | Identified the +7 falchion of Trog's Brutal Revenge {holy, rPois Int+4} (Trog gifted it to you on level 7 of the Lair of Beasts)
 15082 | Lair:7   | Found a staircase to the Slime Pits.
 15920 | D:11     | Noticed an eight-headed hydra
 15925 | D:11     | Killed a ten-headed hydra
 16240 | Lair:1   | Identified 2 scrolls of acquirement
 16887 | D:11     | Noticed a hill giant
 16891 | D:11     | Killed a hill giant
 17108 | D:11     | Identified the Almanac of Enchantment
 17281 | D:12     | Received a gift from Trog
 18371 | Lair:8   | Entered Level 8 of the Lair of Beasts
 18567 | Lair:8   | Reached XP level 14. HP: 98/135 MP: 5/5
 18625 | Lair:8   | Reached skill level 18 in Long Blades
 18892 | Lair:8   | Received a gift from Trog
 19227 | Lair:8   | Got a pair of bloodstained gloves
 19238 | Lair:8   | Identified the cursed +0 pair of gloves of Empa {Contam rPois rF+ SInv} (You found it on level 8 of the Lair of Beasts)
 20319 | D:13     | Found Saidae's Food Shop.
 20535 | D:13     | Received a gift from Trog
 20556 | D:13     | Found a gate to the Vaults.
 21252 | D:14     | Reached skill level 15 in Armour
 21258 | D:14     | HP: 5/138 [cyan ugly thing (15)]
 21978 | D:14     | Received a gift from Trog
 22369 | D:15     | Entered Level 15 of the Dungeon
 22581 | D:15     | Found a runed door.
 22650 | D:15     | Reached XP level 15. HP: 103/147 MP: 6/6
 22846 | D:15     | Found a staircase to the Depths.
 23261 | Orc:1    | Entered Level 1 of the Orcish Mines
 23284 | Orc:1    | Received a gift from Trog
 23287 | Orc:1    | Noticed Snorg
 23291 | Orc:1    | Killed Snorg
 23386 | Orc:1    | Found a roughly hewn altar of Beogh.
 23774 | Orc:3    | Received a gift from Trog
 24273 | Orc:4    | Entered Level 4 of the Orcish Mines
 24354 | Orc:4    | Received a gift from Trog
 24452 | Orc:4    | Noticed slartie's ghost (powerful MiBe)
 24463 | Orc:4    | Killed slartie's ghost
 24629 | Orc:4    | Noticed Sonja
 24650 | Orc:4    | Killed Sonja
 24883 | Orc:4    | Found Duguoly's Assorted Antiques.
 24897 | Orc:4    | Reached skill level 10 in Dodging
 24938 | Orc:4    | Found Guifa's Antique Armour Emporium.
 24959 | Orc:4    | Found Grealasm's Antique Weapon Emporium.
 24980 | Orc:4    | Bought a heavily runed plate armour for 672 gold pieces
 24990 | Orc:4    | Identified the cursed -1 plate armour "Gugipsiunoa" {rElec rF- Int+2} (You bought it in a shop on level 4 of the Orcish Mines)
 25042 | Orc:4    | Found Prykka's Magic Scroll Boutique.
 25088 | Orc:4    | Received a gift from Trog
 25227 | Orc:4    | Gained mutation: You are dopey. (Int -2) [mutagenic glow]
 25264 | Orc:4    | Gained mutation: You expend magic power (3 MP) to slightly strengthen your wands. [mutagenic glow]
 25301 | Orc:4    | Found a staircase to the Elven Halls.
 25726 | Swamp:1  | Entered Level 1 of the Swamp
 25805 | Swamp:1  | Reached skill level 1 in Bows
 26419 | Swamp:1  | Reached skill level 5 in Bows
 27146 | Swamp:2  | Received a gift from Trog
 27424 | Swamp:2  | Got a brightly glowing shortbow
 27425 | Swamp:2  | Identified the +10 shortbow of Blul {velocity, +Fly} (You found it on level 2 of the Swamp)
 28462 | Swamp:3  | Received a gift from Trog
 28464 | Swamp:3  | Reached XP level 16. HP: 125/155 MP: 6/6
 28478 | Swamp:3  | Got a steaming hunting sling {god gift}
 28479 | Swamp:3  | Identified the +3 hunting sling "Gozxud" {velocity, +Fly rElec Str-3 Dex+3} (Trog gifted it to you on level 3 of the Swamp)
 28583 | Swamp:3  | Reached skill level 10 in Bows
 29110 | Swamp:4  | Noticed Rupert
 29123 | Swamp:4  | Killed Rupert
 29174 | Swamp:4  | Noticed Norris
 29181 | Swamp:4  | Paralysed by Norris for 5 turns
 29199 | Swamp:4  | Killed Norris
 29200 | Swamp:4  | Noticed CcS's ghost (mighty SpEn)
 29218 | Swamp:4  | Slain by CcS's ghost

Action                   |  1- 3 |  4- 6 |  7- 9 | 10-12 | 13-15 | 16-18 || total
-------------------------+-------+-------+-------+-------+-------+-------++-------
Melee: Falchion          |    99 |    99 |   466 |   137 |       |       ||   801
       Great sword       |       |       |       |   288 |  1168 |    72 ||  1528
       Triple sword      |       |       |       |   114 |       |       ||   114
       Scimitar          |       |       |       |       |    38 |       ||    38
       Quarterstaff      |       |       |       |       |     1 |       ||     1
 Fire: Shortbow          |       |       |     6 |     7 |       |       ||    13
Invok: Berserk           |     1 |     1 |     1 |     6 |     1 |     2 ||    12
       Trog's Hand       |     1 |       |     2 |     2 |     5 |     1 ||    11
       Burn Spellbooks   |       |     1 |       |     2 |     5 |       ||     8
       Brothers in Arms  |       |       |       |       |    13 |     2 ||    15
Evoke: Wand              |       |       |       |       |     1 |       ||     1
  Use: Scroll            |       |       |     6 |    24 |     5 |       ||    35
       Potion            |       |       |       |       |       |     1 ||     1
 Stab: Paralysed         |       |     1 |       |       |       |       ||     1
       Fleeing           |       |       |     1 |       |       |       ||     1
       Confused          |       |       |       |       |     2 |       ||     2
  Eat: Chunk             |       |     5 |    17 |    23 |    34 |       ||    79
       Bread ration      |       |       |       |     1 |     3 |     1 ||     5
       Beef jerky        |       |       |       |     1 |       |       ||     1
       Meat ration       |       |       |       |       |     1 |       ||     1
